 Dungeon Crawl Stone Soup version 0.23.0 (webtiles) character file.

Game seed: 13085098065224647459

415 kidcy the Conjurer (level 6, -3/32 HPs)
             Began as a Deep Elf Fire Elementalist on Feb 12, 2019.
             Slain by an ogre
             ... wielding a +0 giant club
              (19 damage)
             ... on level 5 of the Dungeon on Feb 14, 2019.
             The game lasted 00:20:39 (5599 turns).

kidcy the Conjurer (Deep Elf Fire Elementalist)     Turns: 5599, Time: 00:20:40

Health: -3/32      AC:  4    Str:  5    XL:     6   Next: 60%
Magic:  10/15      EV: 13    Int: 22    God:
Gold:   182        SH:  5    Dex: 15    Spells: 5/15 levels left

rFire    . . .     SeeInvis .   r - +4 short sword (speed)
rCold    . . .     Gourm    .   (no shield)
rNeg     . . .     Faith    .   a - +0 robe
rPois    .         Spirit   .   (no helmet)
rElec    .         Reflect  +   (no cloak)
rCorr    .         Harm     .   g - +1 pair of gloves
MR       .....                  (no boots)
Stlth    ++........             e - +5 amulet of reflection
HPRegen  0.10/turn              (no ring)
MPRegen  0.14/turn              (no ring)

@: no status effects
A: no striking features
a: no special abilities


You were on level 5 of the Dungeon.
You were not hungry.

You visited 1 branch of the dungeon, and saw 5 of its levels.

You collected 182 gold pieces.

Inventory:

Hand Weapons
 b - a +0 dagger
 l - a +0 blowgun
 r - a +4 short sword of speed (weapon)
Missiles
 v - 6 poisoned needles
Armour
 a - a +0 robe (worn)
 g - a +1 pair of gloves (worn)
Jewellery
 e - a +5 amulet of reflection (around neck)
 f - an uncursed amulet of regeneration {unknown}
 n - a cursed ring of teleportation {unknown}
Scrolls
 m - a scroll of fog
 q - a scroll of enchant weapon
Potions
 d - 3 potions of heal wounds
 h - a potion of lignification
 i - a potion of ambrosia
 k - a potion of brilliance
 t - a potion of flight
Comestibles
 c - 2 rations


   Skills:
 - Level 2.4 Dodging
 - Level 2.4 Stealth
 + Level 5.3 Spellcasting
 * Level 5.4 Conjurations
 + Level 4.9 Fire Magic


You had 5 spell levels left.
You knew the following spells:

 Your Spells              Type           Power        Failure   Level  Hunger
a - Flame Tongue          Conj/Fire      ####.        1%          1    None
b - Throw Flame           Conj/Fire      ####..       1%          2    None
c - Conjure Flame         Conj/Fire      ####....     3%          3    ##.....
d - Sticky Flame          Conj/Fire      ####....     12%         4    ####...

Your spell library contained the following spells:

 Spells                   Type           Power        Failure   Level  Hunger
 Inner Flame              Hex/Fire       ###.....     11%         3    ##.....
 Fireball                 Conj/Fire      ####......   32%         5    #####..


Dungeon Overview and Level Annotations

Branches:
Dungeon (5/15)
 Temple: D:4-7

Altars:
Ashenzari

Annotations:
D:3 3 runed translucent doors, Natasha; magipi's ghost, amateur GrFE
D:4 Grinder


Message History

The centaur is moderately wounded.
The centaur shoots an arrow.
The arrow hits you.
* * * LOW HITPOINT WARNING * * *
Casting: Flame Tongue (safe; 1% risk of failure)
Confirm with . or Enter, or press ? or * to list all spells.
Aiming: Flame Tongue (safe; 1% risk of failure)
Press: ? - help, Shift-Dir - straight line, f/p - centaur
Aim: a centaur, wielding a +0 shortbow (moderately wounded)
Okay, then.
Casting: Flame Tongue (safe; 1% risk of failure)
Confirm with . or Enter, or press ? or * to list all spells.
Aiming: Sticky Flame (safe; 12% risk of failure)
Press: ? - help, Shift-Dir - straight line, f - ogre, p - centaur
Aim: an ogre, wielding a +0 giant club (moderately wounded)
The sticky flame hits the ogre.
The ogre is moderately wounded.
The ogre is covered in liquid flames!
The ogre burns!
The ogre hits you with a +0 giant club!!
Ouch! That really hurt!
You die...

....##.##### #.. #.#.#
#...#.##.##.#..##.# #
#...#.##.##.#.....#
#...#.##.##.#..[.[#
#.................# .
#.................#
.#######.#.##.##.#.....#
...........##.##.#...#
.#..............@Oc(.#
....####.####.##.##..#
....####.## #+##+##..#
........... ..##
........... ...+
†........... ....#
##.....##.... ......
.+.....# . .......
##.....# ........


You could see an ogre (burning) and a centaur.

Vanquished Creatures
  A scorpion (D:4)
  A crimson imp (D:3)
  An orc priest (D:3)
  4 orc wizards (D:3)
  10 adders
  3 adder skeletons
  3 worms (D:3)
  A dart slug (D:3)
  2 leopard geckos
  10 orcs
  3 giant cockroaches
  6 goblins
  5 hobgoblins
  10 jackals
  2 quokkas
  A ball python (D:1)
  A ball python zombie (D:2)
  8 bats
  4 frilled lizards
  3 kobolds
  8 rats
87 creatures vanquished.

Vanquished Creatures (others)
  A kobold (D:3)
1 creature vanquished.

Grand Total: 88 creatures vanquished

Notes
Turn   | Place    | Note
-------+----------+-------------------------------------------
     0 | D:1      | kidcy the Deep Elf Fire Elementalist began the quest for
                  | the Orb.
     0 | D:1      | Reached XP level 1. HP: 10/10 MP: 6/6
   400 | D:1      | Reached XP level 2. HP: 15/15 MP: 6/8
   422 | D:1      | Learned a level 2 spell: Throw Flame
   930 | D:2      | Reached XP level 3. HP: 19/19 MP: 5/10
   965 | D:2      | Learned a level 3 spell: Conjure Flame
  1432 | D:2      | Reached XP level 4. HP: 24/24 MP: 6/11
  1438 | D:2      | Learned a level 4 spell: Sticky Flame
  2534 | D:3      | Found a runed translucent gate.
  2534 | D:3      | Found a runed translucent gate.
  2536 | D:3      | Found a runed translucent gate.
  2539 | D:3      | Noticed magipi's ghost (amateur GrFE)
  2998 | D:3      | Reached XP level 5. HP: 19/28 MP: 7/13
  3106 | D:3      | Noticed Natasha
  3987 | D:3      | Reached XP level 6. HP: 27/32 MP: 5/15
  4184 | D:3      | Found a faded altar of an unknown god.
  4199 | D:3      | Reached skill level 5 in Spellcasting
  4418 | D:3      | Reached skill level 5 in Conjurations
  5009 | D:4      | Noticed Grinder
  5018 | D:4      | Found a shattered altar of Ashenzari.
  5326 | D:5      | Entered Level 5 of the Dungeon
  5599 | D:5      | Slain by an ogre

Skill      XL: |  1  2  3  4  5  6 |
---------------+-------------------+-----
Conjurations   | 2 3 4 5 |  5.4
Spellcasting   | 4 5 |  5.3
Fire Magic     | 4 |  4.9
Dodging        | |  2.4
Stealth        | |  2.4

Action                   |  1- 3 |  4- 6 || total
-------------------------+-------+-------++-------
Melee: Unarmed           |     1 |    14 ||    15
       Dagger            |       |    49 ||    49
       Short sword       |       |   156 ||   156
 Fire: Blowgun           |       |    18 ||    18
 Cast: Flame Tongue      |    45 |    49 ||    94
       Throw Flame       |     2 |     9 ||    11
       Sticky Flame      |       |    19 ||    19
       Conjure Flame     |       |     2 ||     2
  Use: Scroll            |       |    14 ||    14
       Potion            |       |     3 ||     3
 Stab: Sleeping          |       |     4 ||     4
  Eat: Ration            |     1 |     2 ||     3
       Chunk             |       |     8 ||     8
Armor: Robe              |     3 |    44 ||    47
Dodge: Dodged            |    19 |   109 ||   128
Block: Other             |     4 |    53 ||    57
       Reflection        |       |     1 ||     1
